 Dungeon Crawl Stone Soup version 0.31-a0-1009-g454b1f1e0a (webtiles) character file.

Game seed: 13688778416845776093

27 kae the Vexing (level 2, -2/19 HPs)
             Began as a Demonspawn Enchanter on Nov 14, 2023.
             Slain by a worm (8 damage)
             ... on level 2 of the Dungeon.
             The game lasted 00:00:45 (742 turns).

kae the Vexing (Demonspawn Enchanter)                Turns: 742, Time: 00:00:45

Health: -2/19      AC:  4    Str:  8    XL:     2   Next: 93%
Magic:  5/5        EV:  9    Int: 16    God:
Gold:   140        SH: 11    Dex: 13    Spells: 3/5 levels left

rFire   . . .        a - +1 dagger
rCold   . . .        h - +0 kite shield
rNeg    . . .        b - +0 robe
rPois   .            (no helmet)
rElec   .            (no cloak)
rCorr   .            (no gloves)
SInv    .            g - +1 pair of boots
Will    .....        (no amulet)
Stlth   ++           (no ring)
HPRegen 0.23/turn    (no ring)
MPRegen 0.09/turn

%: no passive effects
@: no status effects
A: condensation shield
a: no special abilities


You were on level 2 of the Dungeon.
You visited 1 branch of the dungeon, and saw 2 of its levels.

You collected 140 gold pieces.


Innate Abilities, Weirdness & Mutations

A meltable shield of frost defends you. (SH +4)


   Skills:
 * Level 1.6 Short Blades
 - Level 1.7 Dodging
 + Level 2.9 Stealth
 + Level 0.3 Shields
 + Level 2.2 Spellcasting
 * Level 3.3 Hexes


You had 3 spell levels left.
You knew the following spells:

 Your Spells              Type           Power      Damage    Failure   Level
a - Ensorcelled Hibernat  Hex/Ice        14%        N/A       73%         2

Your spell library contained the following spells:

 Spells                   Type           Power      Damage    Failure   Level
 Confusing Touch          Hex            12%        N/A       73%         3
 Tukima's Dance           Hex            12%        N/A       73%         3
 Dazzling Flash           Conj/Hex       14%        N/A       91%         3

Inventory:

Hand Weapons
 a - a +1 dagger (weapon)
Missiles
 m - 3 stones
Armour
 b - a +0 robe (worn)
 g - a +1 pair of boots (worn)
   (You found it on level 1 of the Dungeon)
 h - a +0 kite shield (worn)
   (You found it on level 1 of the Dungeon)
Scrolls
 i - a scroll of identify {unknown}
 j - a scroll of amnesia {unknown}
 k - a scroll of revelation {unknown}
Potions
 c - 3 potions of invisibility
 d - a potion of berserk rage {unknown}
 e - a potion of mutation {unknown}
 f - a potion of might {unknown}
 l - 3 potions of curing {unknown}
 n - a potion of heal wounds {unknown}

Dungeon Overview and Level Annotations

Branches:
Dungeon (2/15) Zot: 11247

Altars:

. #...........##
#.###.#.###.###
######.###.#.###[#
#................#
#............#####
#[...........#
#............#
#.!w.........#
#...@........#
#............#
#............#
#............#
#............#
##############


You could see a worm.


Message History

You are too injured to fight recklessly!
You are too injured to fight recklessly!
You hit the hobgoblin.
You kill the hobgoblin! 😮 HP[+1] Unknown command.
m - 3 stones You now have 134 gold pieces (gained 18).
You open the door.
There is an open door here.
You see here a +0 short sword.
Done exploring. 😎 HP[+5]
Your hp is fully restored (19).
Done exploring.
No target in view!
No target in view!
Done exploring.
No target in view!
No target in view!
Done exploring.
Done exploring.
No target in view!
No target in view!
Done exploring.
There is a stone staircase leading down here.
You climb downwards.
There is a stone staircase leading up here.
There are monsters nearby!
Okay, then.
The helpless goblin fails to defend itself.
You puncture the goblin!
You kill the goblin!
No target in view!
No target in view!
No target in view!
No target in view!
No target in view!
The dart slug launches a dart at you. You block the slug dart.
A dart slug is nearby!
You block the dart slug's attack.
You hit the dart slug.
A dart slug is nearby!
You hit the dart slug. You block the dart slug's attack.
You hit the dart slug.
The dart slug bites you but does no damage.
A dart slug is nearby!
You hit the dart slug. The dart slug launches a dart at you.
The slug dart hits you but does no damage.
You hit the dart slug.
You kill the dart slug!
There is a stone staircase leading up here.
A frilled lizard comes into view.
A frilled lizard is nearby!
The helpless frilled lizard fails to defend itself.
You puncture the frilled lizard!
You kill the frilled lizard!
No target in view!
n - a white potion No target in view!
No target in view!
You now have 140 gold pieces (gained 6).
l - 3 murky grey potions (gained 1)
A worm comes into view.
A worm is nearby!
A worm is nearby!
The worm barely misses you.
You hit the worm but do no damage. The worm bites you!
You are too injured to fight recklessly! 😮 HP[-7]
You take 7 damage, and now have 12/19 hp.
MASSIVE DAMAGE!! (PAUSE)
You hit the worm but do no damage. You hit the worm.
The worm closely misses you.
Unknown command.
You hit the worm. The worm barely misses you. 😮 HP[+1]
You hit the worm but do no damage. The worm bites you.
* * * LOW HITPOINT WARNING * * *
😨 HP[-4]
You take 4 damage, and now have 9/19 hp.
MASSIVE DAMAGE!! (PAUSE)
You hit the worm. You hit the worm. You block the worm's attack. 😮 HP[+1]
You hit the worm. The worm bites you.
* * * LOW HITPOINT WARNING * * *
😨 HP[-5]
You take 5 damage, and now have 5/19 hp.
MASSIVE DAMAGE!! (PAUSE)
You hit the worm. The worm barely misses you.
You hit the worm. You hit the worm.
You block the worm's attack. 😨 HP[+1] Unknown command.
You hit the worm. You block the worm's attack.
You hit the worm but do no damage. The worm bites you!
You die...

Skill      XL: |  1 |
---------------+----+-----
Short Blades   | 1 |  1.6
Dodging        | |  1.7
Stealth        | |  2.9
Shields        | |  0.3
Spellcasting   | |  2.2
Hexes          | |  3.3

Action                     || total
---------------------------++-------
  Melee: Dagger            ||    82
   Stab: Sleeping          ||     8
 Armour: Robe              ||    31
  Dodge: Dodged            ||    33
  Block: Kite shield       ||    21
         Other             ||     1

Levels and vault maps discovered:
D:1:      amcnicky_arrival_gap_in_the_tavern_cellar, layout_basic
D:2:      layout_basic, serial_shops, shop

Notes
Turn   | Place    | Note
-------+----------+-------------------------------------------
     0 | D:1      | kae the Demonspawn Enchanter began the quest for the Orb.
     0 | D:1      | Reached XP level 1. HP: 13/13 MP: 3/3
     0 | D:1      | magus.rc [v1.11.3]
    70 | D:1      | Reached skill level 1 in Short Blades
   243 | D:1      | Gained mutation: A meltable shield of frost defends you.
                  | (SH +4) [demonic ancestry]
   243 | D:1      | Reached XP level 2. HP: 19/19 MP: 5/5
   365 | D:1      | Learned a level 2 spell: Ensorcelled Hibernation
   742 | D:2      | Slain by a worm

Vanquished Creatures
  3 dart slugs
  An endoplasm (D:1)
  A giant cockroach (D:1)
  A hobgoblin (D:1)
  3 kobolds (D:1)
  A quokka (D:1)
  3 ball pythons (D:1)
  3 bats (D:1)
  A frilled lizard (D:2)
  3 goblins
20 creatures vanquished.

Table legend:
 A = Non-vault XP
 B = Vault XP
 C = Vault XP percentage of total XP
 D = Non-vault monster count
 E = Vault monster count
 F = Vault count percentage of total count
                 A         B        C        D         E       F
            +---------+---------+-------+---------+---------+-------
      Total |      39 |       0 |   0.0 |      20 |       0 |   0.0
            +---------+---------+-------+---------+---------+-------
        D:1 |      32 |       0 |   0.0 |      17 |       0 |   0.0
        D:2 |       7 |       0 |   0.0 |       3 |       0 |   0.0
            +---------+---------+-------+---------+---------+-------

Skill      XL: |  1 |
---------------+----+-----
Short Blades   | 1 |  1.6
Dodging        | |  1.7
Stealth        | |  2.9
Shields        | |  0.3
Spellcasting   | |  2.2
Hexes          | |  3.3

Action                     || total
---------------------------++-------
  Melee: Dagger            ||    82
   Stab: Sleeping          ||     8
 Armour: Robe              ||    31
  Dodge: Dodged            ||    33
  Block: Kite shield       ||    21
         Other             ||     1

Illustrated notes

Table legend:
 A = Kills in this place as a percentage of kills in the entire game.
 B = Kills by you in this place as a percentage of kills by you in the entire game.
 C = Kills by friends in this place as a percentage of kills by friends in the entire game.
 D = Other kills in this place as a percentage of other kills in the entire game.
 E = Experience gained in this place as a percentage of experience gained in the entire game.
 F = Experience gained in this place divided by the number of levels of this place that you have seen.
                   A       B       C       D       E      F
               +-------+-------+-------+-------+-------+----------------------
         Total | 100.0 | 100.0 |   N/A |   N/A | 100.0 |  19.5
       Dungeon | 100.0 | 100.0 |   N/A |   N/A | 100.0 |  19.5
               +-------+-------+-------+-------+-------+----------------------

Table legend: (Time is in decaauts)
 A = Elapsed time spent in this place.
 B = Non-inter-level travel time spent in this place.
 C = Inter-level travel time spent in this place.
 D = Time resting spent in this place.
 E = Time spent auto-exploring this place.
 F = Levels seen in this place.
 G = Mean time per level.
                   A        B        C        D        E       F      G
               +--------+--------+--------+--------+--------+-----+--------+
         Total |    751 |    744 |      7 |     40 |    484 |   2 |  375.5 |
       Dungeon |    751 |    744 |      7 |     40 |    484 |   2 |  375.5 |
               +--------+--------+--------+--------+--------+-----+--------+

Top non-repeatable levels by time:
     D:1: 688 daAuts
     D:2: 63 daAuts
